 Dungeon Crawl Stone Soup version 0.29-a0-91-gdebf4667c2 (webtiles) character file.

Game seed: 4941566466114215559

43 cyrus the Skirmisher (level 3, 0/34 HPs)
             Began as a Naga Fighter on Feb 9, 2022.
             Was a Follower of Dithmenos.
             Slain by a gnoll (1 damage)
             ... on level 4 of the Dungeon.
             The game lasted 00:03:49 (1625 turns).

cyrus the Skirmisher (Naga Fighter)                 Turns: 1625, Time: 00:03:50

Health: 0/34       AC:  5    Str: 26    XL:     3   Next: 58%
Magic:  3/3        EV:  7    Int:  8    God:    Dithmenos [*.....]
Gold:   67         SH:  4    Dex: 10    Spells: 2/2 levels left

rFire   . . .      SeeInvis +   a - +0 long sword
rCold   . . .      Faith    .   c - +0 buckler
rNeg    . . .      Spirit   .   b - +0 scale mail
rPois   +          Reflect  .   f - +0 helmet
rElec   .          Harm     .   (no cloak)
rCorr   .          Rampage  .   (no gloves)
Will    .....                   (no barding)
Stlth   ..........              (no amulet)
HPRegen 0.11/turn               g - +6 ring of strength
MPRegen 0.08/turn               (no ring)

@: wreathed by umbra, very slow
A: AC +1, large, see invisible, deformed body, poison resistance, slowness 2,
spit poison 1, naga tail 1
a: Spit Poison, Renounce Religion


You were on level 4 of the Dungeon.
You worshipped Dithmenos.
Dithmenos was aware of your devotion.
You visited 1 branch of the dungeon, and saw 3 of its levels.

You collected 67 gold pieces.

Inventory:

Hand Weapons
 a - a +0 long sword (weapon)
Armour
 b - a +0 scale mail (worn)
 c - a +0 buckler (worn)
 f - a +0 helmet (worn)
Jewellery
 g - a +6 ring of strength (left hand)
Wands
 d - a wand of flame (20)
Scrolls
 e - 2 scrolls of identify {unknown}


   Skills:
 + Level 3.2 Fighting
 + Level 2.7 Long Blades
 + Level 2.9 Armour
 + Level 2.6 Shields


You had 2 spell levels left.
You didn't know any spells.
Your spell library was empty.

Dungeon Overview and Level Annotations

Branches:
Dungeon (2/15)

Altars:
Dithmenos

Shops:
D:4 ?


Innate Abilities, Weirdness & Mutations

Your serpentine skin is tough. (AC +1)
You have supernaturally acute eyesight. (SInv)
Armour fits poorly on your strangely shaped body.
Your system is resistant to poisons. (rPois)
You cover ground very slowly.
You can spit poison.
You have a snake-like lower body.


Message History

The bat hits you but does no damage. You block the bat's attack.
You barely miss the bat.
The bat is severely wounded.
You block the bat's attack. The bat completely misses you.
The bat closely misses you.
You hit the bat.
You kill the bat!
Dithmenos accepts your kill.
You see here a bat corpse.
Found 16 stones.
You see here a frilled lizard corpse.
g - a +6 ring of strength You feel stronger.
g - a +6 ring of strength (left hand)
You see here 16 stones.
A sourceless malevolence fills the Dungeon...
You fall into a shaft and drop 2 floors!
The shaft crumbles and collapses. 2 gnolls come into view.
A gnoll is wielding a +1 vorpal spear.
Found 26 bolts.
The gnoll shouts!
The gnoll shouts!
You hear an angry hiss.
Found Kiffoud's Magic Scroll Shop.
The gnoll hits you from afar with a +1 vorpal spear!
An adder comes into view.
The gnoll hits you from afar with a +1 vorpal spear.
The gnoll hits you from afar with a +1 vorpal spear.
* * * LOW HITPOINT WARNING * * *
The gnoll barely misses you. The gnoll closely misses you.
You miss the adder. The adder completely misses you.
The gnoll hits you from afar with a +1 vorpal spear.
* * * LOW HITPOINT WARNING * * *
x2 You slash the adder!
You kill the adder!
Dithmenos accepts your kill. The gnoll completely misses you.
You block the gnoll's attack.
The gnoll hits you from afar with a +1 vorpal spear.
* * * LOW HITPOINT WARNING * * *
You die...

#..#.......#
#...#......#
#..........#
########.#.#
#....#
#####.#.##
.........#
≈≈≈≈≈≈≈≈.#
.......g≈@#
≈≈≈≈≈≈≈.≈.#
....gg≈.≈.#
≈≈≈≈≈g≈.≈(#
...≈.≈.≈.#
.≈∩≈.≈.≈.#
≈≈≈.≈.≈.#
....≈.≈.#


You could see 4 gnolls.

Vanquished Creatures
  An adder (D:4)
  3 dart slugs (D:1)
  A ball python (D:1)
  4 endoplasms
  2 giant cockroaches (D:1)
  2 goblins
  3 hobgoblins
  2 quokkas (D:1)
  A bat (D:2)
  A frilled lizard (D:2)
  3 kobolds (D:1)
  4 rats (D:1)
27 creatures vanquished.

Vanquished Creatures (others)
  8 plants (D:1)
8 creatures vanquished.

Grand Total: 35 creatures vanquished

Notes
Turn   | Place    | Note
-------+----------+-------------------------------------------
     0 | D:1      | cyrus the Naga Fighter began the quest for the Orb.
     0 | D:1      | Reached XP level 1. HP: 21/21 MP: 1/1
   383 | D:1      | Reached XP level 2. HP: 20/28 MP: 2/2
  1086 | D:1      | Reached XP level 3. HP: 34/34 MP: 3/3
  1258 | D:1      | Found a faded altar of an unknown god.
  1265 | D:1      | Prayed at the altar of an unknown god.
  1265 | D:1      | Became a worshipper of Dithmenos the Shadowed
  1265 | D:1      | Reached * piety under Dithmenos
  1599 | D:2      | You fall into a shaft and drop 2 floors!
  1620 | D:4      | Found Kiffoud's Magic Scroll Shop.
  1625 | D:4      | HP: 1/34 [gnoll (3)]
  1625 | D:4      | Slain by a gnoll

Illustrated notes

Levels and vault maps discovered:
D:1:      lightli_arrival_statuegarden, layout_basic,
          dilly_ecumenical_altar_fadedgnrine
D:2:      layout_loops_ring, serial_bayou_crossing
D:4:      layout_cave_pools, nicolae_sif_muna_condensation, serial_shops,
          kennysheep_mini_moat, nicolae_shop_advertising_works
          [nicolae_subvault_shop_adworks], nicolae_inconvenience_store,
          nrook_campfire, minmay_misc_feat_nine_boxes, uniq_duvessa,
          uniq_crazy_yiuf_cottage, uniq_grinder, uniq_natasha

Action                   || total
-------------------------++-------
Melee: Long sword        ||    92
 Abil: Spit Poison       ||     1
  Use: Potion            ||     1
Armor: Scale mail        ||    36
Dodge: Dodged            ||    30
Block: Buckler           ||    17

Table legend: (Time is in decaauts)
 A = Elapsed time spent in this place.
 B = Non-inter-level travel time spent in this place.
 C = Inter-level travel time spent in this place.
 D = Time resting spent in this place.
 E = Time spent auto-exploring this place.
 F = Levels seen in this place.
 G = Mean time per level.
                   A        B        C        D        E       F      G
               +--------+--------+--------+--------+--------+-----+--------+
         Total |   2024 |   2024 |      0 |      0 |   1452 |   3 |  674.7 |
       Dungeon |   2024 |   2024 |      0 |      0 |   1452 |   3 |  674.7 |
               +--------+--------+--------+--------+--------+-----+--------+

Top non-repeatable levels by time:
     D:1: 1745 daAuts
     D:2: 242 daAuts
     D:4: 36 daAuts
